 Dungeon Crawl Stone Soup version 0.23-a0-139-ga22e90c45f (webtiles) character file.

754 Holzbalken the Chopper (level 7, -6/52 HPs)
             Began as a Demonspawn Fighter on Aug 31, 2018.
             Killed by divine providence
             ... invoked by an orc priest
              (10 damage)
             ... on level 7 of the Dungeon.
             The game lasted 00:18:44 (4433 turns).

Holzbalken the Chopper (Demonspawn Fighter)         Turns: 4433, Time: 00:18:45

Health: -6/52      AC:  8    Str: 18    XL:     7   Next: 49%
Magic:  16/16      EV:  7    Int: 10    God:
Gold:   274        SH: 10    Dex: 12    Spells: 6/6 levels left

rFire    . . .     SeeInvis .   a - +1 war axe
rCold    . . .     Gourm    .   c - +1 shield
rNeg     . . .     Faith    .   b - +0 scale mail
rPois    .         Spirit   .   (no helmet)
rElec    .         Reflect  .   (no cloak)
rCorr    .         Harm     .   (no gloves)
MR       .....                  (no boots)
Stlth    ..........             (no amulet)
HPRegen  0.17/turn              q - ring of magical power
MPRegen  0.15/turn              (no ring)

@: lethally poisoned (-6 -> -7)
A: hooves 2, yellow scales 1, demonic guardian 1, spiny 1
a: no special abilities


You were on level 7 of the Dungeon.
You were very hungry.

You visited 2 branches of the dungeon, and saw 7 of its levels.
You also visited: Ossuary.

You collected 274 gold pieces.

Inventory:

Hand Weapons
 a - a +1 war axe (weapon)
 l - a +0 war axe
 p - a +0 mace
Armour
 b - a +0 scale mail (worn)
 c - a +1 shield (worn)
Jewellery
 q - a ring of magical power (left hand)
Scrolls
 e - 2 scrolls of magic mapping
 h - a scroll of identify
 j - 2 scrolls of enchant weapon
 t - 2 scrolls of amnesia
Potions
 d - a potion of might
 g - 2 potions of brilliance
 k - 3 potions of curing
 m - a potion of degeneration {unknown}
 n - a potion of flight {unknown}
 r - 2 potions of agility {unknown}
 s - 2 potions of haste {unknown}
 u - a potion of mutation {unknown}
 v - a potion of berserk rage {unknown}
Comestibles
 f - 7 rations


   Skills:
 - Level 3.0 Fighting
 * Level 6.5 Axes
 - Level 2.6 Armour
 + Level 5.1 Shields


You had 6 spell levels left.
You didn't know any spells.
Your spell library contained the following spells:

 Spells                   Type           Power        Failure   Level  Hunger
 Corona                   Hex            #......      99%         1    ##.....
 Ensorcelled Hibernation  Hex/Ice        #.....       100%        2    ###....
 Confuse                  Hex            #.......     100%        3    ####...
 Dazzling Spray           Conj/Hex       #.....       100%        3    ####...
 Tukima's Dance           Hex            #.......     100%        3    ####...


Dungeon Overview and Level Annotations

Branches:
Dungeon (5/15)             Temple (1/1) D:5

Altars:
Ashenzari
Cheibriados
Dithmenos
Elyvilon
Fedhas
Gozag
Kikubaaqudgha
Makhleb
Nemelex Xobeh
Okawaru
Qazlal
Ru
Sif Muna
Trog
Uskayaw
Vehumet
Wu Jian
Xom
Yredelemnul
The Shining One

Shops:
D:4 =


Innate Abilities, Weirdness & Mutations

You have hoof-like feet.
You are partially covered in yellow scales. (AC +2)
A weak demonic guardian rushes to your aid.
You are partially covered in sharp spines.


Message History

Your quasit barely misses the water moccasin.
Your quasit closely misses the water moccasin.
Your quasit claws the water moccasin.
The water moccasin dies!
You feel sick.
You feel sick.
Your quasit bites the orc priest.
Your quasit claws the orc priest.
Your quasit barely misses the orc priest.
Your quasit bites the orc priest but does no damage.
Your quasit misses the orc priest.
Your quasit claws the orc priest.
The orc priest misses your quasit.
You feel sick.
You feel sick.
Your iron imp disappears in a puff of smoke!
The orc priest calls down the wrath of Beogh upon you.
Beogh smites you!
* * * LOW HITPOINT WARNING * * *
The orc priest invokes the aid of Beogh against you.
Beogh smites you!
You die...

#. ## .#####. ...
...#... ....
....... ..# ......#
### #.# #......
#.####..# #......
##.@....##
##.######
##......###. #
##......... ###
##...####.#####..
#o.## #.....o..
##o## ##.......
#.## #....##.
##5.### ##......)
##.##5o####..###...


You could see an orc priest and an orc.

Vanquished Creatures
  An orc warrior (D:7)
  A necrophage (D:4)
  A centaur zombie (Ossuary)
  A human zombie (Ossuary)
  An orc priest (D:3)
  A worker ant (D:5)
  A big kobold zombie (Ossuary)
  A hound zombie (Ossuary)
  3 mummies (Ossuary)
  A gnoll (D:3)
  8 adders
  2 oozes
  An adder skeleton (D:4)
  2 worms
  A dart slug (D:2)
  6 leopard geckos
  5 orcs (D:3)
  3 ball pythons
  5 giant cockroaches
  3 gnoll zombies (Ossuary)
  2 goblins (D:1)
  9 hobgoblins
  7 jackals (D:2)
  13 kobolds
  6 bats
  A frilled lizard (D:1)
  7 goblin zombies (Ossuary)
  4 hobgoblin zombies (Ossuary)
  2 jackal zombies (Ossuary)
  3 kobold zombies (Ossuary)
  3 orc zombies (Ossuary)
  6 quokka zombies (Ossuary)
  7 rats
  3 rat zombies (Ossuary)
121 creatures vanquished.

Vanquished Creatures (collateral kills)
  A water moccasin (D:7)
  A phantom (D:4)
  An elf zombie (Ossuary)
  An orc wizard (D:3)
  An orc (D:7)
5 creatures vanquished.

Grand Total: 126 creatures vanquished

Notes
Turn   | Place    | Note
-------+----------+-------------------------------------------
     0 | D:1      | Holzbalken the Demonspawn Fighter began the quest for the
                  | Orb.
     0 | D:1      | Reached XP level 1. HP: 18/18 MP: 1/1
    15 | D:1      | Reached skill level 2 in Axes
    32 | D:1      | Gained mutation: You have large cloven feet. [demonic
                  | ancestry]
    32 | D:1      | Reached XP level 2. HP: 11/24 MP: 2/2
   672 | D:1      | Gained mutation: You are partially covered in sharp spines.
                  | [demonic ancestry]
   672 | D:1      | Reached XP level 3. HP: 27/29 MP: 3/3
   925 | D:2      | Reached skill level 3 in Axes
  1010 | D:2      | Found an ancient bone altar of Kikubaaqudgha.
  1010 | D:2      | Found a basalt altar of Yredelemnul.
  1011 | D:2      | Found a deep blue altar of Sif Muna.
  1594 | D:2      | Gained mutation: You have hoof-like feet. [demonic
                  | ancestry]
  1594 | D:2      | Reached XP level 4. HP: 35/35 MP: 4/4
  2125 | D:3      | Found a shadowy altar of Dithmenos.
  2130 | D:3      | Found an opulent altar of Gozag.
  2143 | D:3      | Found a stormy altar of Qazlal.
  2143 | D:3      | Found a hide-covered altar of Uskayaw.
  2143 | D:3      | Found a white marble altar of Elyvilon.
  2145 | D:3      | Found a sparkling altar of Nemelex Xobeh.
  2147 | D:3      | Found a glowing golden altar of the Shining One.
  2151 | D:3      | Found a blossoming altar of Fedhas.
  2197 | D:3      | Reached skill level 4 in Axes
  2387 | D:3      | Gained mutation: A weak demonic guardian rushes to your
                  | aid. [demonic ancestry]
  2387 | D:3      | Reached XP level 5. HP: 41/41 MP: 5/5
  2809 | D:4      | Found a sand-covered staircase.
  2815 | Ossuary  | Entered an ossuary
  3167 | Ossuary  | Gained mutation: You are partially covered in yellow
                  | scales. (AC +2) [demonic ancestry]
  3167 | Ossuary  | Reached XP level 6. HP: 35/47 MP: 6/6
  3201 | Ossuary  | Reached skill level 5 in Axes
  3631 | D:4      | Found Kazxiel's Jewellery Boutique.
  3669 | D:5      | Entered Level 5 of the Dungeon
  3706 | D:5      | Reached XP level 7. HP: 49/52 MP: 7/7
  3815 | D:5      | Found a staircase to the Ecumenical Temple.
  3838 | Temple   | Entered the Ecumenical Temple
  4283 | D:4      | Reached skill level 6 in Axes
  4363 | D:4      | You fall through a shaft for 3 floors!
  4378 | D:7      | Reached skill level 5 in Shields
  4433 | D:7      | Killed from afar by an orc priest

Vault maps used:
D:1:      matt_arrival_grand_opening, minmay_distorted
D:2:      gammafunk_temple_overflow_forgotten, first_ration
D:3:      kb_forest_paths, minitemple
D:4:      gup_ossuary_entry_pyramid, serial_shops, kennysheep_mini
D:5:      lemuel_round_altar, minmay_temple_entry_statues_fountains,
          uniq_menkaure
Temple:   jpeg_temple_island
Ossuary:  minmay_ossuary_two_tombs

Skill      XL: |  1  2  3  4  5  6  7 |
---------------+----------------------+-----
Axes           | 2 3 4 5 6 |  6.5
Shields        | 3 4 5 |  5.1
Fighting       | |  3.0
Armour         | |  2.6

Action                   |  1- 3 |  4- 6 |  7- 9 || total
-------------------------+-------+-------+-------++-------
Melee: War axe           |    89 |   158 |    23 ||   270
       Kick              |    16 |    45 |    10 ||    71
  Use: Scroll            |       |     9 |       ||     9
 Stab: Distracted        |       |     1 |       ||     1
  Eat: Chunk             |     2 |     5 |       ||     7
       Ration            |       |     1 |       ||     1
Armor: Scale mail        |    36 |    62 |     4 ||   102
Dodge: Dodged            |    33 |    42 |     6 ||    81
Block: Shield            |    50 |    79 |    12 ||   141

Table legend:
 A = Non-vault XP
 B = Vault XP
 C = Vault XP percentage of total XP
 D = Non-vault monster count
 E = Vault monster count
 F = Vault count percentage of total count
                 A         B        C        D         E       F
            +---------+---------+-------+---------+---------+-------
      Total |     751 |     327 |  30.3 |      81 |      45 |  35.7
            +---------+---------+-------+---------+---------+-------
        D:1 |      51 |       0 |   0.0 |      26 |       0 |   0.0
        D:2 |      66 |       0 |   0.0 |      25 |       0 |   0.0
        D:3 |     106 |      48 |  31.2 |      17 |       6 |  26.1
        D:4 |     255 |       0 |   0.0 |       6 |       0 |   0.0
        D:5 |      60 |       0 |   0.0 |       4 |       0 |   0.0
        D:7 |     213 |       0 |   0.0 |       3 |       0 |   0.0
    Ossuary |       0 |     279 | 100.0 |       0 |      39 | 100.0
            +---------+---------+-------+---------+---------+-------
